 Dungeon Crawl Stone Soup version 0.25-a0-804-g50c693f418 (webtiles) character file.

Game seed: 13174651171984581405, levelgen mode: deterministic

146 mortelune the Vexing (level 5, -3/41 HPs)
             Began as a Formicid Arcane Marksman on Apr 19, 2020.
             Slain by Natasha (5 damage)
             ... on level 1 of the Dungeon.
             The game lasted 00:06:48 (3139 turns).

mortelune the Vexing (Formicid Arcane Marksman)     Turns: 3139, Time: 00:06:49

Health: -3/41      AC:  6    Str: 15    XL:     5   Next: 53%
Magic:  6/6        EV: 10    Int: 13    God:
Gold:   55         SH:  0    Dex: 11    Spells: 3/6 levels left

rFire    . . .     SeeInvis +   a - +0 hand crossbow
rCold    . . .     Gourm    .   (no shield)
rNeg     . . .     Faith    .   g - +0 scale mail
rPois    .         Spirit   .   (helmet unavailable)
rElec    .         Reflect  .   (no cloak)
rCorr    .         Harm     .   (no gloves)
MR       .....                  (no boots)
Stlth    ..........             (no amulet)
HPRegen  0.13/turn              (no ring)
MPRegen  0.10/turn              (no ring)

@: flying
A: permanent stasis, dig shafts and tunnels, four strong arms, antennae 3
a: Dig, Shaft Self


You were on level 1 of the Dungeon.
You were not hungry.

You visited 1 branch of the dungeon, and saw 2 of its levels.

You collected 55 gold pieces.

Inventory:

Hand Weapons
 a - a +0 hand crossbow (weapon)
 b - a +0 mace
 q - a +0 short sword
Missiles
 d - 2 bolts (quivered)
Armour
 e - a +0 robe
 g - a +0 scale mail (worn)
Jewellery
 o - a +6 ring of intelligence {unknown}
Scrolls
 h - a scroll of random uselessness {unknown}
 j - a scroll of teleportation {unknown}
 k - 3 scrolls of remove curse {unknown}
 m - a scroll of amnesia {unknown}
 s - 2 scrolls of identify {unknown}
 t - a scroll of magic mapping {unknown}
Potions
 c - a potion of flight
 i - a potion of haste
 l - a potion of heal wounds {unknown}
 n - 2 potions of cancellation {unknown}
 p - a potion of resistance {unknown}
Comestibles
 f - 6 rations


   Skills:
 + Level 3.0 Fighting
 * Level 1.9 Maces & Flails
 - Level 2.9 Crossbows
 + Level 2.4 Armour
 - Level 2.0 Dodging
 - Level 1.1 Spellcasting
 - Level 3.6 Hexes


You had 3 spell levels left.
You knew the following spells:

 Your Spells              Type           Power        Failure   Level  Hunger
a - Corona                Hex            ##.....      24%         1    ##.....
b - Slow                  Hex            ##......     36%         2    ###....

Your spell library contained the following spells:

 Spells                   Type           Power        Failure   Level  Hunger
 Inner Flame              Hex/Fire       #.......     83%         3    ####...
 Portal Projectile        Hex/Tloc       #.....       83%         3    ####...
 Cause Fear               Hex            ##........   94%         4    #####..
 Leda's Liquefaction      Hex/Erth       #.........   99%         4    #####..


Dungeon Overview and Level Annotations

Branches:
Dungeon (2/15)

Altars:

Annotations:
D:1 Natasha
D:2 1 runed translucent door, Crazy Yiuf


Innate Abilities, Weirdness & Mutations

You cannot be hasted, slowed, berserked, paralysed or teleported.
You can dig through walls and to a lower floor.
Your four strong arms can wield two-handed weapons with a shield.
You have a pair of large antennae on your head. (SInv)


Message History

Natasha claws you.
Firing (i - inventory)
d - 3 bolts (quivered)
Press: ? - help, Shift-Dir - straight line, f/p - Natasha
Aim: Natasha, carrying a wand of flame (7) (lightly wounded)
You shoot a bolt. The bolt hits Natasha.
Natasha is moderately wounded.
Natasha zaps a wand.
The puff of flame hits you.
* * * LOW HITPOINT WARNING * * *
Natasha zaps a wand.
The puff of flame hits you.
* * * LOW HITPOINT WARNING * * *
You climb upwards.
There is a stone staircase leading down here.
It was a potion of flight.
You feel very buoyant.
You fly up into the air.
Natasha zaps a wand.
The puff of flame hits you.
* * * LOW HITPOINT WARNING * * *
It was a potion of haste.
Your stasis prevents you from being hasted.
Natasha claws you.
You die...

...........#########.#
.....................#
..####################
.[#............#
...............#
...............#
...............#
###.##≈.##########
..#.#.≈........h@#
#.#.#.≈.##.#######
#.#.#.≈.##.#
#.#.#.≈.##.#
..#.#.≈.##.#
≈.....≈.÷..#
≈.#.≈≈≈.##.#
≈.#.≈.#.##.#
≈...≈.#.##.#


You could see Natasha.

Vanquished Creatures
  Natasha (twice) (D:2)
  2 adders (D:2)
  4 worms (D:2)
  4 dart slugs
  3 leopard geckos (D:1)
  An orc (D:2)
  A ball python (D:2)
  5 giant cockroaches
  7 goblins
  4 hobgoblins
  3 jackals (D:1)
  3 quokkas (D:2)
  5 bats
  2 frilled lizards
  2 kobolds (D:1)
  7 rats
  2 fungi (D:2)
57 creatures vanquished.

Notes
Turn   | Place    | Note
-------+----------+-------------------------------------------
     0 | D:1      | mortelune the Formicid Arcane Marksman began the quest for
                  | the Orb.
     0 | D:1      | Reached XP level 1. HP: 15/15 MP: 2/2
   173 | D:1      | Reached XP level 2. HP: 21/21 MP: 3/3
   433 | D:1      | Reached XP level 3. HP: 22/27 MP: 4/4
   664 | D:1      | Reached skill level 1 in Armour
  1100 | D:1      | Learned a level 2 spell: Slow
  1247 | D:2      | Reached XP level 4. HP: 27/34 MP: 3/5
  1748 | D:2      | Found a runed translucent door.
  1749 | D:2      | Noticed Crazy Yiuf
  1912 | D:2      | Noticed Natasha
  1917 | D:2      | Killed Natasha
  1917 | D:2      | Reached skill level 1 in Maces & Flails
  1959 | D:2      | Reached XP level 5. HP: 15/39 MP: 6/6
  2852 | D:2      | Noticed Natasha
  2857 | D:2      | Killed Natasha
  2876 | D:2      | Noticed Natasha
  3138 | D:1      | HP: 2/41 [Natasha/puff of flame (4)]
  3139 | D:1      | Slain by Natasha

Levels and vault maps discovered:
D:1:      psy_arrival_radial02, layout_basic, minmay_box_of_dots
D:2:      layout_loops_corners, uniq_natasha, uniq_crazy_yiuf_cottage

Skill      XL: |  1  2  3  4  5 |
---------------+----------------+-----
Dodging        | 2 |  2.0
Fighting       | 2 3 |  3.0
Armour         | 1 2 |  2.4
Maces & Flails | 1 |  1.9
Crossbows      | |  2.9
Spellcasting   | |  1.1
Hexes          | |  3.6

Action                   |  1- 3 |  4- 6 || total
-------------------------+-------+-------++-------
Melee: Short sword       |    61 |    40 ||   101
       Mace              |       |   121 ||   121
 Fire: Hand crossbow     |    58 |    25 ||    83
 Cast: Corona            |     4 |     1 ||     5
 Abil: Dig               |     4 |       ||     4
  Use: Potion            |       |     2 ||     2
  Eat: Chunk             |     2 |     6 ||     8
Armor: Scale mail        |    71 |    59 ||   130
Dodge: Dodged            |    72 |    87 ||   159

Table legend:
 A = Non-vault XP
 B = Vault XP
 C = Vault XP percentage of total XP
 D = Non-vault monster count
 E = Vault monster count
 F = Vault count percentage of total count
                 A         B        C        D         E       F
            +---------+---------+-------+---------+---------+-------
      Total |     169 |      40 |  19.1 |      51 |       4 |   7.3
            +---------+---------+-------+---------+---------+-------
        D:1 |      46 |       5 |   9.8 |      22 |       3 |  12.0
        D:2 |     123 |      35 |  22.2 |      29 |       1 |   3.3
            +---------+---------+-------+---------+---------+-------
